 Dungeon Crawl Stone Soup version 0.22-a0-348-gd16d1391c7 (webtiles) character file.

50 Minion the Chiller (level 3, 0/39 HPs)
             Began as a Draconian Ice Elementalist on Apr 10, 2018.
             Succumbed to a kobold's poison
             ... on level 2 of the Dungeon.
             The game lasted 00:03:26 (1451 turns).

Minion the Chiller (Draconian Ice Elementalist)     Turns: 1451, Time: 00:03:27

Health: 0/39       AC: 21    Str: 10    XL:     3   Next: 55%
Magic:  7/7        EV:  2    Int: 21    God:
Gold:   93         SH:  0    Dex: 11    Spells: 7/8 levels left

rFire    + . .     SeeInvis .   j - -1 whip (curse)
rCold    + . .     Gourm    +   (no shield)
rNeg     + + +     Faith    .   (armour unavailable)
rPois    +         Spirit   .   (helmet currently unavailable)
rElec    +         Reflect  .   (cloak currently unavailable)
rCorr    +         Harm     .   (gloves currently unavailable)
MR       .....     NoTele   +   (boots currently unavailable)
Stlth    ++........             f - amulet of the gourmand
HPRegen  0.13/turn              (no ring)
MPRegen  0.10/turn              (no ring)

@: brilliant, lethally poisoned (0 -> -5), tree-form, resistant
A: unfitting armour, AC +5
a: no special abilities


You were on level 2 of the Dungeon.
You were very full.
You were a tree.
You visited 1 branch of the dungeon, and saw 3 of its levels.

You collected 93 gold pieces.

Inventory:

Hand Weapons
 j - a cursed -1 whip (weapon)
Armour
 c - a +0 pair of gloves (melded)
Jewellery
 f - an amulet of the gourmand (around neck)
Scrolls
 a - 2 scrolls of teleportation {unknown}
 d - 2 scrolls of identify {unknown}
 h - a scroll of blinking {unknown}
 i - a scroll of random uselessness {unknown}
 l - a scroll of fog {unknown}
Comestibles
 b - 4 rations


   Skills:
 - Level 1.7 Dodging
 - Level 1.7 Stealth
 + Level 3.0 Spellcasting
   Level 1.0 Conjurations
 + Level 3.8 Ice Magic


You had 7 spell levels left.
You knew the following spells:

 Your Spells              Type           Power        Failure   Level  Hunger
a - Freeze                Ice            ####         1%          1    None


Dungeon Overview and Level Annotations

Branches:
Dungeon (3/15)

Altars:
The Shining One


Innate Abilities, Weirdness & Mutations

((Your plain brown scales are hard. (AC +5)))
You cannot fit into any form of body armour.
((You are cold-blooded and may be slowed by cold attacks.))


Message History

You feel clever all of a sudden.
* * * LOW HITPOINT WARNING * * *
You feel sick.
You eat one of the 5 rations.
That ration really hit the spot!
* * * LOW HITPOINT WARNING * * *
You feel sick.
There is a lethal amount of poison in your body!
There is a lethal amount of poison in your body!
You swing at nothing.
* * * LOW HITPOINT WARNING * * *
You feel sick.
You swing at nothing.
You swing at nothing.
* * * LOW HITPOINT WARNING * * *
You feel sick.
You swing at nothing.
* * * LOW HITPOINT WARNING * * *
You feel sick.
You swing at nothing.
You die...

###..####
#.......#
#.#####.# #.# #.#
#.# #.# #.# #.#
#.# #.# #.# #.#
#.# #♣# #### #.#
#.# ...#######.#
#.# ##.........#
#.#
...#############.#
##...............#
#################


There were no monsters in sight!

Vanquished Creatures
  2 adders (D:3)
  A worm (D:2)
  A dart slug (D:1)
  A giant cockroach (D:2)
  3 goblins
  4 hobgoblins
  4 jackals (D:2)
  A ball python (D:1)
  3 bats
  2 frilled lizards
  A kobold (D:1)
  5 rats (D:1)
28 creatures vanquished.

Notes
Turn   | Place    | Note
-------+----------+-------------------------------------------
     0 | D:1      | Minion the Draconian Ice Elementalist began the quest for the Orb.
     0 | D:1      | Reached XP level 1. HP: 14/14 MP: 3/3
   402 | D:1      | Reached XP level 2. HP: 15/20 MP: 3/5
   744 | D:2      | Found a glowing golden altar of the Shining One.
  1122 | D:2      | Reached XP level 3. HP: 26/26 MP: 5/7
  1422 | D:3      | Found a faded altar of an unknown god.
  1450 | D:2      | HP: 1/39 [poisoned by a kobold]
  1451 | D:2      | Succumbed to a kobold's poison

Vault maps used:
D:1:      lemuel_arrival_lava_pool
D:2:      tso_altar
D:3:      chequers_ecumenical_altar_island, minmay_misc_feat_encased, uniq_robin

Skill      XL: |  1  2  3 |
---------------+----------+-----
Spellcasting   | 3 |  3.0
Dodging        | |  1.7
Stealth        | |  1.7
Conjurations   | |  1.0
Ice Magic      | |  3.8

Action                   || total
-------------------------++-------
Melee: Unarmed           ||    23
       Whip              ||    10
 Cast: Freeze            ||    45
  Use: Potion            ||     4
  Eat: Chunk             ||    10
       Ration            ||     1
Armor: Skin              ||    19
Dodge: Dodged            ||    32

Table legend:
 A = Spawn XP
 B = Non-spawn XP
 C = Spawn XP percentage of total XP
 D = Spawn monster count
 E = Non-spawn monster count
 F = Spawn count percentage of total count
 G = Total turns spent on level
                    A         B        C        D         E        F      G
               +---------+---------+-------+---------+---------+-------+---------
         Total |       0 |      72 |   0.0 |       0 |      28 |   0.0 |  1451
               +---------+---------+-------+---------+---------+-------+---------
           D:1 |       0 |      20 |   0.0 |       0 |      14 |   0.0 |   709
           D:2 |       0 |      26 |   0.0 |       0 |      12 |   0.0 |   719
           D:3 |       0 |      26 |   0.0 |       0 |       2 |   0.0 |    23
               +---------+---------+-------+---------+---------+-------+---------
